 Dungeon Crawl Stone Soup version 0.25.0 (webtiles) character file.

Game seed: 12856927079815160946

254 nikku the Conjurer (level 5, 0/30 HPs)
             Began as a Deep Elf Conjurer on June 12, 2020.
             Slain by an ogre
             ... wielding a +0 giant club
              (30 damage)
             ... on level 4 of the Dungeon.
             The game lasted 00:08:09 (3106 turns).

nikku the Conjurer (Deep Elf Conjurer)              Turns: 3106, Time: 00:08:09

Health: 0/30       AC:  4    Str:  5    XL:     5   Next: 90%
Magic:  10/13      EV: 14    Int: 21    God:
Gold:   44         SH:  0    Dex: 15    Spells: 10/13 levels left

rFire    . . .     SeeInvis .   k - +2 whip (elec)
rCold    . . .     Gourm    .   (no shield)
rNeg     . . .     Faith    .   a - +0 robe
rPois    .         Spirit   .   b - +0 helmet
rElec    .         Reflect  .   (no cloak)
rCorr    .         Harm     .   g - +0 pair of gloves
MR       .....                  (no boots)
Stlth    +++.......             (no amulet)
HPRegen  0.10/turn              (no ring)
MPRegen  0.13/turn              (no ring)

@: no status effects
A: no striking features
a: no special abilities


You were on level 4 of the Dungeon.
You were hungry.

You visited 1 branch of the dungeon, and saw 4 of its levels.

You collected 191 gold pieces.
You spent 147 gold pieces at shops.

Inventory:

Hand Weapons
 k - a +2 whip of electrocution (weapon)
Missiles
 d - 13 poisoned darts (quivered)
Armour
 a - a +0 robe (worn)
 b - a +0 helmet (worn)
 g - a +0 pair of gloves (worn)
Jewellery
 i - an uncursed ring of ice
Scrolls
 h - a scroll of amnesia
 j - a scroll of teleportation
 n - 3 scrolls of identify
Potions
 e - a potion of cancellation
Comestibles
 c - 6 rations
 f - a chunk of flesh


   Skills:
 + Level 1.9 Fighting
 + Level 4.0 Dodging
 + Level 4.1 Stealth
 + Level 4.5 Spellcasting
 + Level 5.2 Conjurations


You had 10 spell levels left.
You knew the following spells:

 Your Spells              Type           Power        Failure   Level  Hunger
a - Magic Dart            Conj           ####         1%          1    None
b - Searing Ray           Conj           ####..       1%          2    #......

Your spell library contained the following spells:

 Spells                   Type           Power        Failure   Level  Hunger
 Dazzling Flash           Conj/Hex       ###...       12%         3    ##.....
 Confusing Touch          Hex            #.......     34%         3    ##.....
 Gell's Gravitas          Tloc           #.........   34%         3    ##.....
 Fulminant Prism          Conj/Hex       ###.......   36%         4    ####...
 Iskenderun's Mystic Bla  Conj/Tloc      ###.....     36%         4    ####...
 Petrify                  Tmut/Erth      #.......     75%         4    ####...
 Metabolic Englaciation   Hex/Ice        #.........   97%         5    ######.
 Yara's Violent Unravell  Hex/Tmut       #.........   97%         5    ######.


Dungeon Overview and Level Annotations

Branches:
Dungeon (4/15)
 Temple: D:4-7

Altars:

Shops:
D:4 (

Annotations:
D:3 2 transporters


Message History

Magic restored.
Partly explored, unvisited transporter.
You climb downwards.
You are feeling hungry.
The ogre misses you.
There is a stone staircase leading up here.
Casting: Searing Ray (safe; 1% risk of failure)
Confirm with . or Enter, or press ? or * to list all spells.
Aiming: Searing Ray (safe; 1% risk of failure)
Press: ? - help, Shift-Dir - straight line, f - ogre
Aim: an ogre, wielding a +0 giant club The searing ray hits the ogre.
The ogre is lightly wounded. (Press . to maintain the ray.)
The ogre closely misses you.
The searing ray hits the ogre!
The ogre is moderately wounded.
The ogre hits you with a +0 giant club!!
Ouch! That really hurt!
You die...

##.# #<.## #...#
#######.#...#
#.....#)#...#
+.......#...#
#O...)####.#######
#@..............#
#######.∩.#######
#......# #.#..#.#
#..#.# ..
######.#.# ..#
#......#.# .#
#.###..#.# .
#....#.#


You could see an ogre.

Vanquished Creatures
  A scorpion (D:4)
  An iguana (D:4)
  7 gnolls (D:3)
  An adder (D:2)
  An ooze (D:1)
  4 worms
  2 dart slugs (D:1)
  4 leopard geckos
  5 orcs (D:3)
  6 bats
  5 giant cockroaches
  5 goblins
  5 hobgoblins
  10 jackals
  2 quokkas (D:2)
  A frilled lizard (D:1)
  3 kobolds
  6 rats
69 creatures vanquished.

Notes
Turn   | Place    | Note
-------+----------+-------------------------------------------
     0 | D:1      | nikku the Deep Elf Conjurer began the quest for the Orb.
     0 | D:1      | Reached XP level 1. HP: 10/10 MP: 6/6
   228 | D:1      | Reached XP level 2. HP: 15/15 MP: 4/8
   975 | D:2      | Reached XP level 3. HP: 20/20 MP: 6/9
  1265 | D:2      | Learned a level 2 spell: Searing Ray
  1317 | D:2      | Reached skill level 1 in Fighting
  1709 | D:2      | Reached XP level 4. HP: 25/25 MP: 8/11
  2112 | D:3      | Found a faded altar of an unknown god.
  2279 | D:3      | Reached skill level 5 in Conjurations
  2281 | D:3      | Reached XP level 5. HP: 29/29 MP: 4/13
  2550 | D:3      | Found a transporter.
  2621 | D:3      | Found a transporter.
  2953 | D:4      | Found Edugogia's Antique Weapon Shop.
  2961 | D:4      | Bought a runed quarterstaff for 147 gold pieces
  3023 | D:4      | Noticed an ogre
  3106 | D:4      | Slain by an ogre

Illustrated notes

Levels and vault maps discovered:
D:1:      shiori_arrival_elements, layout_loops_ring, st_stairs_6
D:2:      layout_basic
D:3:      gammafunk_wand_slinger, layout_loops_ring,
          chequers_ecumenical_altar_island
D:4:      layout_basic, gammafunk_temple_overflow_elements, first_ration,
          serial_shops, nicolae_shop_waterfront, nicolae_shop_stone, shop, shop,
          nicolae_shop_statue_plus, kennysheep_nondescript,
          minmay_shop_enchanted_jewellery, chequers_decorated_corner,
          kennysheep_diamond, uniq_menkaure

Skill      XL: |  1  2  3  4  5 |
---------------+----------------+-----
Stealth        | 3 4 |  4.1
Dodging        | 3 4 |  4.0
Fighting       | 1 |  1.9
Spellcasting   | 4 |  4.5
Conjurations   | 5 |  5.2

Action                   |  1- 3 |  4- 6 || total
-------------------------+-------+-------++-------
Melee: Hand axe          |     2 |       ||     2
 Cast: Magic Dart        |    90 |    60 ||   150
       Searing Ray       |       |     7 ||     7
  Use: Scroll            |     5 |     5 ||    10
  Eat: Chunk             |     2 |     4 ||     6
Armor: Robe              |     3 |       ||     3
Dodge: Dodged            |     9 |     3 ||    12
